 Dungeon Crawl Stone Soup version 0.31-a0-1-g4198be8af4 (webtiles) character file.

Game seed: 11217633156247571743

9 ragingrage the Sneak (level 2, -2/25 HPs)
             Began as a Djinni Delver on May 2, 2023.
             Killed from afar by a white imp (9 damage)
             ... with a puff of frost
             ... in the Ecumenical Temple.
             The game lasted 00:00:44 (90 turns).

ragingrage the Sneak (Djinni Delver)                  Turns: 90, Time: 00:00:44

Health: -2/25      AC:  3    Str: 11    XL:     2   Next: 20%
Gold:   0          EV: 12    Int: 11    God:
                   SH:  0    Dex: 14

rFire   + + .        a - +0 falchion
rCold   x . .        (no shield)
rNeg    . . .        b - +0 leather armour
rPois   ∞            (no helmet)
rElec   .            (no cloak)
rCorr   .            (no gloves)
SInv    .            (boots unavailable)
Will    .....        (no amulet)
Stlth   ++           (no ring)
HPRegen 0.24/turn    (no ring)
MPRegen 0.00/turn

%: infuse magic (-3 HP)
@: flying, hasted, very quick
A: sickness immunity, fire resistance 2, cold vulnerability 1, float, innate
caster, HP casting, extra vitality 1
a: no special abilities


You were in the Ecumenical Temple.
You visited 2 branches of the dungeon, and saw 3 of its levels.

Inventory:

Hand Weapons
 a - a +0 falchion (weapon)
Armour
 b - a +0 leather armour (worn)
Wands
 g - a wand of digging (3)
Scrolls
 c - a scroll of fog
 d - a scroll of magic mapping
 e - a scroll of noise {unknown}


   Skills:
 - Level 3.0 Fighting
 + Level 2.5 Long Blades
 - Level 2.1 Dodging
 - Level 4.1 Stealth You didn't know any spells. Your spell library was empty.

Dungeon Overview and Level Annotations

Branches:
Dungeon (6/15)             Temple (1/1) D:5

Altars:
Cheibriados
Gozag
Okawaru
Wu Jian
Yredelemnul

Shops:
D:5 [[

Portals:
Abyss: D:5


Innate Abilities, Weirdness & Mutations

You are immune to sickness and miasma.
You are immune to poison.
Your flesh is very heat resistant. (rF++)
You are vulnerable to cold. (rC-)
You float through the air rather than walking.
You learn spells naturally, not from books.
Your magical power is your life essence.
You have superior vitality. (+4 MHP)


Message History

You slash the adder!
You kill the adder!
Your Long Blades skill increases to level 2!
You have reached level 2!
Unknown command.
Found Cadut's Armour Shoppe.
Found 8 stones.
Found an escape hatch in the floor.
There is an entrance to Cadut's Armour Shoppe here.
An adder comes into view.
Found a scroll labelled TIAXTI WOLEG.
Found a staircase to the Ecumenical Temple.
A white imp comes into view.
An iguana comes into view.
The white imp shouts!
The white imp gestures at you. The puff of frost hits you!
You feel a terrible chill!
Ouch! That really hurt!
You see here a scroll labelled TIAXTI WOLEG.
There is a staircase to the Ecumenical Temple here.
The white imp closely misses you.
The iguana hisses angrily.
You fly downwards.
Welcome to the Ecumenical Temple!
Found four altars.
There is a staircase back to the Dungeon here.
Unknown command.
You feel yourself speed up.
The white imp shouts, "Away with thee, thou jarring ill-nurtured dingleberry!"
The white imp hits you. The white imp freezes you.
You feel a terrible chill!
* * * LOW HITPOINT WARNING * * *
You barely miss the white imp. The white imp misses you.
You hit the white imp.
The white imp hits you but does no damage.
You closely miss the white imp. You closely miss the white imp.
The white imp gestures at you. The puff of frost hits you!
You feel a terrible chill!
You die...

#########
###.......###
##..._..._...##
#.............#
##...........##
.......@.......
##......5....##
#.............#
##..._..._...##
###.......###
#########


You could see a white imp.

Vanquished Creatures
  An adder (D:5)
1 creature vanquished.

Notes
Turn   | Place    | Note
-------+----------+-------------------------------------------
     0 | D:5      | ragingrage the Djinni Delver began the quest for the Orb.
     0 | D:5      | Reached XP level 1. HP: 20/20 MP: 0/0
     5 | D:6      | Noticed a centaur
     5 | D:6      | Found an ornate altar of the Wu Jian Council.
    32 | D:6      | Noticed a steam dragon
    40 | D:5      | Noticed a kobold brigand
    40 | D:5      | Found a one-way gate to the infinite horrors of the Abyss.
    54 | D:5      | Reached XP level 2. HP: 25/25 MP: 0/0
    57 | D:5      | Found Cadut's Armour Shoppe.
    57 | D:5      | Noticed an animated plate armour
    57 | D:5      | Noticed an animated gold dragon scales
    76 | D:5      | Found a staircase to the Ecumenical Temple.
    85 | Temple   | Entered the Ecumenical Temple
    90 | Temple   | Killed from afar by a white imp

Illustrated notes

Levels and vault maps discovered:
D:5:      due_chaos_kobolds, layout_basic, old_standard_altar,
          minmay_temple_entry_statues_fountains, serial_shops,
          nicolae_shop_real_fake_doors, nicolae_shop_mannequins,
          nicolae_take_the_stairs, nicolae_diamond_shop, bh_walls_and_bars
D:6:      cheibrodos_two_vegetables, layout_basic, nicolae_wu_jian_wuxing_cycle,
          uniq_duvessa
Temple:   zaba_magenta_temple

Skill      XL: |  1 |
---------------+----+-----
Long Blades    | 2 |  2.5
Fighting       | |  3.0
Dodging        | |  2.1
Stealth        | |  4.1

Action                     || total
---------------------------++-------
  Melee: Falchion          ||     7
    Use: Scroll            ||     1
         Potion            ||     1
 Armour: Leather armour    ||     3
  Dodge: Dodged            ||     3

Table legend: (Time is in decaauts)
 A = Elapsed time spent in this place.
 B = Non-inter-level travel time spent in this place.
 C = Inter-level travel time spent in this place.
 D = Time resting spent in this place.
 E = Time spent auto-exploring this place.
 F = Levels seen in this place.
 G = Mean time per level.
                   A        B        C        D        E       F      G
               +--------+--------+--------+--------+--------+-----+--------+
         Total |     89 |     89 |      0 |      0 |      2 |   3 |   29.7 |
       Dungeon |     85 |     85 |      0 |      0 |      2 |   2 |   42.5 |
        Temple |      4 |      4 |      0 |      0 |      0 |   1 |    4.0 |
               +--------+--------+--------+--------+--------+-----+--------+

Top non-repeatable levels by time:
     D:5: 50 daAuts
     D:6: 34 daAuts
  Temple: 4 daAuts
